 Dungeon Crawl Stone Soup version 0.18.0-2-g198d6d4 (webtiles) character file.

630 dvd the Chucker (level 7, -2/71 HPs)
             Began as an Ogre Hunter on May 5, 2016.
             Slain by an orc wizard
             ... wielding a +2 dagger of electrocution
              (6 damage)
             ... on level 5 of the Dungeon.
             The game lasted 00:14:29 (5415 turns).

dvd the Chucker (Ogre Hunter)                       Turns: 5415, Time: 00:14:31

Health: -2/71      AC:  3    Str: 18    XL:     7   Next: 48%
Magic:  7/7        EV: 11    Int: 10    God:
Gold:   200        SH:  0    Dex: 12    Spells: 0 memorised, 6 levels left

rFire  . . .     SeeInvis +     A - +0 flail
rCold  . . .     Gourm    .     b - +0 robe
rNeg   . . .     Faith    .     (no shield)
rPois  .         Spirit   .     (helmet restricted)
rElec  .         Dismiss  .     (no cloak)
rCorr  .         Reflect  .     (gloves unavailable)
SustAt .         Harm     .     (boots unavailable)
MR     .....                    (no amulet)
Stlth  ++........               s - ring of stealth
                                g - ring of see invisible

@: not resistant to hostile enchantments, unstealthy
A: unfitting armour, tough skin 1
a: no special abilities


You were on level 5 of the Dungeon.
You were not hungry.

You visited 1 branch of the dungeon, and saw 5 of its levels.

You collected 200 gold pieces.

Inventory:

Hand Weapons
 h - a +0 whip
 i - a +0 hand axe
 j - a +0 club
 q - a +0 halberd
 t - a +0 quarterstaff
 x - a +0 mace
 A - a +0 flail (weapon)
Missiles
 z - 111 stones (quivered)
Armour
 b - a +0 robe (worn)
Jewellery
 g - a ring of see invisible (left hand)
 m - an uncursed ring of fire
 s - a ring of stealth (right hand)
Scrolls
 e - a scroll of blinking
 k - 3 scrolls of identify
 l - 3 scrolls of remove curse
 F - a scroll of enchant weapon {unknown}
Potions
 c - a potion of resistance {unknown}
 n - a potion of brilliance
 p - a potion of curing
 B - a potion of flight {unknown}
 C - a potion of beneficial mutation {unknown}
Comestibles
 a - 6 meat rations
 f - 4 bread rations
 w - 2 slices of pizza


   Skills:
 + Level 4.4 Fighting
 + Level 2.5 Maces & Flails
 + Level 6.3 Throwing
 + Level 4.7 Dodging
 + Level 1.3 Stealth


You had 6 spell levels left.
You didn't know any spells.

Dungeon Overview and Level Annotations

Branches:
Dungeon (5/15)
 Temple: D:4-7

Altars:
Fedhas
Nemelex Xobeh
Pakellas
Qazlal
Zin

Annotations:
D:4 Edmund, Sigmund


Innate Abilities, Weirdness & Mutations

You are too large for most types of armour.
You have tough skin (AC +1).


Message History

* * * LOW HITPOINT WARNING * * *
The orc wizard hits you with a dagger of venom.
* * * LOW HITPOINT WARNING * * *
You are poisoned.
Drink which item? (? for menu, Esc to quit)
You feel better.
The orc wizard gestures at you while chanting.
The magic dart hits you!
* * * LOW HITPOINT WARNING * * *
The orc wizard hits you but does no damage.
The orc wizard casts a spell at you. The magic dart hits you!
* * * LOW HITPOINT WARNING * * *
You barely miss the orc wizard.
The orc wizard is heavily wounded.
The orc wizard hits you with a dagger of electrocution.
* * * LOW HITPOINT WARNING * * *
The orc wizard barely misses you.
The orc wizard hits you with a dagger of electrocution.
You die...

#.....# #.....# .
#######.....###..
##........[.......
..................
..........<.......
..................
..........o.......
.........@o.......
############(.(...
...... ...o..
...... ...


You could see 2 orc wizards.

Vanquished Creatures
  The ghost of Yehuk the Slinger, an amateur HaHu of Okawaru (D:3)
  2 scorpions (D:4)
  An orc priest (D:3)
  2 orc wizards
  A hound (D:4)
  2 iguanas (D:4)
  3 worker ants (D:4)
  A hound skeleton (D:4)
  3 gnolls (D:2)
  5 adders
  An ooze (D:1)
  An adder skeleton (D:4)
  2 dart slugs
  3 giant geckos
  13 orcs
  4 giant cockroaches
  5 hobgoblins
  2 jackals (D:4)
  3 quokkas
  4 ball pythons (D:3)
  5 bats
  3 giant newts
  4 goblins
  A jackal skeleton (D:4)
  6 kobolds
  6 rats
84 creatures vanquished.

Notes
Turn   | Place    | Note
--------------------------------------------------------------
     0 | D:1      | dvd the Ogre Hunter began the quest for the Orb.
     0 | D:1      | Reached XP level 1. HP: 22/22 MP: 1/1
   506 | D:1      | Reached XP level 2. HP: 26/29 MP: 2/2
  1095 | D:2      | Reached XP level 3. HP: 36/36 MP: 3/3
  1189 | D:2      | Reached skill level 5 in Throwing
  1189 | D:2      | Reached XP level 4. HP: 39/44 MP: 4/4
  1413 | D:2      | Found a blossoming altar of Fedhas.
  1471 | D:2      | Found a sparkling altar of Nemelex Xobeh.
  2385 | D:3      | Found a glowing silver altar of Zin.
  2425 | D:3      | Reached XP level 5. HP: 9/53 MP: 5/5
  2735 | D:3      | Reached skill level 1 in Stealth
  3266 | D:3      | Reached skill level 1 in Maces & Flails
  3524 | D:3      | Noticed Yehuk's ghost (amateur HaHu)
  3534 | D:3      | Killed Yehuk's ghost
  3534 | D:3      | Reached XP level 6. HP: 32/61 MP: 6/6
  4030 | D:4      | Reached skill level 6 in Throwing
  4046 | D:4      | Reached XP level 7. HP: 17/70 MP: 7/7
  4304 | D:4      | Found an oddly glowing altar of Pakellas.
  4458 | D:4      | Noticed Edmund
  4458 | D:4      | Noticed Sigmund
  4710 | D:4      | Found a stormy altar of Qazlal.
  5402 | D:5      | Entered Level 5 of the Dungeon
  5415 | D:5      | Slain by an orc wizard

Skill      XL: |  1  2  3  4  5  6 |
---------------+-------------------+-----
Dodging        | 2 3 4 |  4.7
Throwing       | 5 6 |  6.3
Fighting       | 3 4 |  4.4
Stealth        | 1 |  1.3
Maces & Flails | 1 2 |  2.5

Action                   |  1- 3 |  4- 6 |  7- 9 || total
-------------------------+-------+-------+-------++-------
Melee: Unarmed           |    13 |       |       ||    13
       Hand axe          |    27 |       |       ||    27
       Short sword       |     6 |       |       ||     6
       Club              |       |    52 |       ||    52
       Mace              |       |    15 |       ||    15
       Quarterstaff      |       |     9 |       ||     9
       Flail             |       |    69 |    75 ||   144
Throw: Large rock        |    23 |    40 |     6 ||    69
       Throwing net      |       |     4 |     6 ||    10
       Tomahawk          |       |     8 |     8 ||    16
       Stone             |       |     4 |     6 ||    10
  Use: Scroll            |       |     4 |     4 ||     8
       Potion            |       |     1 |     1 ||     2
 Stab: Sleeping          |       |     1 |     2 ||     3
       Held in net/web   |       |       |     3 ||     3
  Eat: Chunk             |     1 |     9 |     3 ||    13
       Beef jerky        |       |       |     1 ||     1
Armor: Robe              |    21 |    46 |    22 ||    89
Dodge: Dodged            |    28 |   106 |    54 ||   188
